[Event "Titled Tuesday Blitz February 15 Late 2022"]
[White "Peatman, Carter"]
[Black "Mladenovic, Stefan"]
[WhiteFideId "2096480"]
[BlackFideId "942227"]
[WhiteElo "2380"]
[BlackElo "2355"]
[Result "1-0"]
[Round "02"]
[TimeControl "180+1"]
[Date "2022.02.16"]
[WhiteClock "0:00:09"]
[BlackClock "0:00:16"]

1. d4 Nf6 2. Bf4 e6 3. e3 c5 4. Nd2 cxd4 5. exd4 b6 6. c3 Bb7 7. Ngf3 Be7 8. Bd3 O-O 9. Qe2 d6 10. O-O a6 11. a4 Nbd7 12. Nc4 Qc7 13. Rac1 Rfe8 14. Rfd1 Nf8 15. Nfd2 Ng6 16. Bg3 Bf8 17. a5 b5 18. Nb6 Rad8 19. c4 bxc4 20. Bxc4 Qb8 21. Bxa6 Bd5 22. b4 Qa7 23. b5 Ba8 24. Nxa8 Qxa8 25. Nc4 Nd5 26. Nb6 Nxb6 27. axb6 Qd5 28. Rc7 Qb3 29. b7 e5 30. Rc8 exd4 31. Qd2 Rxc8 32. bxc8=Q Rxc8 33. Bxc8 Qxb5 34. Qxd4 h6 35. Kh1 Qc6 36. Bg4 Ne5 37. Bxe5 dxe5 38. Qd5 Qc2 39. Bh5 Qxf2 40. Qxe5 g6 41. Bf3 Bc5 42. Qe1 Qc2 43. Qe8+ Kg7 44. Qe1 Qf5 45. Qc3+ Qf6 46. Qxf6+ Kxf6 47. Re1 Be7 48. h3 Bd6 49. Rd1 Be5 50. Kg1 Bg3 51. Kf1 h5 52. Ke2 h4 53. Rd7 Ke6 54. Rb7 f5 55. Rb6+ Kf7 56. Bd5+ Kg7 57. Kf3 Bh2 58. Rc6 Bg3 59. Be6 Kf6 60. Bd7+ Kg7 61. Be8 g5 62. Bd7 f4 63. Kg4 Kf7 64. Bf5 Ke7 65. Kxg5 Kf7 66. Rf6+ Kg7 67. Ra6 Kf7 68. Bg6+ Ke7 69. Kf5 Kd7 70. Bh5 Ke7 71. Bf3 Kd7 72. Ra4 Kd6 73. Rxf4 Bxf4 74. Kxf4 Ke6 75. Kg4 Kf6 76. Kxh4 Kg6 77. Kg4 Kh6 78. h4 Kg7 79. h5 Kh7 80. Kg5 Kg7 81. g4 Kh8 82. Be4 Kg7 83. Kf5 Kh8 84. g5 Kg7 85. Bf3 Kh8 86. Kf6 Kh7 87. h6 Kg8 88. g6 Kh8 89. Bg4 Kg8 90. Be6+ Kf8 91. g7+ Ke8 92. g8=Q# 1-0


[Site "https://www.chess.com"]

[Event "Titled Tuesday Blitz February 15 Late 2022"]
[White "Petersson, Kjell"]
[Black "Krzywda, Andrzej"]
[WhiteFideId "1705148"]
[BlackFideId "1114565"]
[WhiteElo "2009"]
[BlackElo "2098"]
[Result "0-1"]
[Round "02"]
[TimeControl "180+1"]
[Date "2022.02.16"]
[WhiteClock "0:00:01"]
[BlackClock "0:00:42"]

1. d4 Nf6 2. Bf4 d5 3. e3 e6 4. Nf3 Bd6 5. Bg3 c5 6. c3 Qc7 7. Ne5 Nbd7 8. f4 Ne4 9. Bh4 cxd4 10. exd4 O-O 11. Bd3 f5 12. O-O Nxe5 13. fxe5 Be7 14. Bxe7 Qxe7 15. Bxe4 dxe4 16. Nd2 b6 17. Nc4 Ba6 18. Qb3 Qc7 19. Nd6 Bxf1 20. Rxf1 Qd7 21. Nxf5 Kh8 22. Ng3 e3 23. Qc2 Qb5 24. Re1 Rac8 25. Rxe3 Qd5 26. Qb3 Rfd8 27. Qxd5 Rxd5 28. Ne4 b5 29. Nd6 Rb8 30. a3 Kg8 31. Rf3 a5 32. Kf2 b4 33. axb4 axb4 34. Kg3 bxc3 35. bxc3 Rb3 36. Kf4 Rb2 37. Rg3 Rc2 38. Ke4 Re2+ 39. Kd3 Rexe5 40. Ne8 Rg5 41. Rxg5 Rxg5 42. g3 Kf7 43. Nd6+ Ke7 44. Ne4 Rh5 45. h4 Ra5 46. Nc5 Ra2 47. Ke4 Rg2 48. Kf3 Rc2 49. Ne4 h6 50. g4 Rc1 51. g5 h5 52. Kf4 Rh1 53. Kg3 Re1 54. Kf4 Re2 55. Ke5 Rh2 56. Nc5 Rh1 57. c4 Re1+ 58. Ne4 Rh1 59. d5 exd5 60. cxd5 Rxh4 61. d6+ Kd8 62. Nc5 Rg4 63. Ke6 Rb4 64. Na6 Rb6 0-1


[Site "https://www.chess.com"]

[Event "Titled Tuesday Blitz February 15 Late 2022"]
[White "Pichot, Alan"]
[Black "Jacobson, Aaron"]
[WhiteFideId "110973"]
[BlackFideId "2089912"]
[WhiteElo "2543"]
[BlackElo "2265"]
[Result "1-0"]
[Round "02"]
[TimeControl "180+1"]
[Date "2022.02.15"]
[WhiteClock "0:00:37"]
[BlackClock "0:00:04"]

1. e4 f5 2. exf5 Nf6 3. Nf3 d5 4. d4 Bxf5 5. Bd3 e6 6. O-O Bd6 7. c4 O-O 8. c5 Be7 9. h3 b6 10. cxb6 axb6 11. Re1 c5 12. Nc3 Nc6 13. Bxf5 exf5 14. Bf4 Ne4 15. dxc5 Bxc5 16. Re2 d4 17. Nxe4 fxe4 18. Qb3+ Kh8 19. Rxe4 Na5 20. Qd3 Qd5 21. Be5 Nc6 22. Rh4 Qg8 23. Ng5 Rf6 24. Rxh7+ Qxh7 25. Qxh7# 1-0


[Site "https://www.chess.com"]

[Event "Titled Tuesday Blitz February 15 Late 2022"]
[White "Piesik, Piotr"]
[Black "Saim, Mohamed Ilias"]
[WhiteFideId "1136194"]
[BlackFideId "7900465"]
[WhiteElo "2232"]
[BlackElo "2006"]
[Result "1-0"]
[Round "02"]
[TimeControl "180+1"]
[Date "2022.02.16"]
[WhiteClock "0:01:36"]
[BlackClock "0:00:01"]

1. Nf3 d5 2. g3 Nf6 3. Bg2 Nc6 4. O-O e5 5. d3 Be6 6. Nbd2 Qd7 7. e4 d4 8. Ng5 Bg4 9. f3 Bh5 10. a4 h6 11. Nh3 g5 12. Nf2 g4 13. fxg4 Nxg4 14. Bh3 Rg8 15. Nc4 Qe6 16. Nxg4 Bxg4 17. Bxg4 Qxg4 18. Qxg4 Rxg4 19. Rf5 Bd6 20. Bxh6 Nb4 21. Bd2 Nc6 22. Raf1 Rg7 23. Kg2 Ke7 24. Bg5+ Ke8 25. Bf6 Rg6 26. Bxe5 Bxe5 27. Nxe5 Nxe5 28. Rxe5+ Kf8 29. Rd5 Kg7 30. Rxd4 c5 31. Rd7 b6 32. Rfxf7+ Kh6 33. h4 Rag8 34. Rh7# 1-0


[Site "https://www.chess.com"]

[Event "Titled Tuesday Blitz February 15 Late 2022"]
[White "Plotkin, Mark"]
[Black "Sarana, Alexey"]
[WhiteFideId "2611651"]
[BlackFideId "24133795"]
[WhiteElo "2178"]
[BlackElo "2665"]
[Result "1-0"]
[Round "02"]
[TimeControl "180+1"]
[Date "2022.02.15"]
[WhiteClock "0:00:04"]
[BlackClock "0:00:08"]

1. e4 c5 2. d4 cxd4 3. c3 dxc3 4. Nxc3 Nc6 5. Nf3 d6 6. Bc4 e6 7. O-O Nf6 8. Bg5 Be7 9. Qe2 O-O 10. Rfd1 Bd7 11. Bxf6 Bxf6 12. Rxd6 Be7 13. Rd2 Qc8 14. Rad1 Rd8 15. e5 Be8 16. Bd3 Qc7 17. Qe4 g6 18. h4 Rac8 19. a3 Na5 20. Qf4 Nb3 21. Rc2 Nc5 22. Be2 Rxd1+ 23. Nxd1 Qd8 24. Ne3 Bc6 25. Ng4 Bxf3 26. Bxf3 Qf8 27. h5 g5 28. Nf6+ Bxf6 29. Qxf6 h6 30. Rd2 Qg7 31. Rd8+ Rxd8 32. Qxd8+ Qf8 33. Qc7 a6 34. Bxb7 a5 35. b4 axb4 36. axb4 Nd3 37. b5 Qa3 38. Qd8+ Kg7 39. Qf6+ Kg8 40. Kh2 Qa5 41. Qxh6 Qd2 42. Qf6 Nxf2 43. Bf3 Nd3 44. h6 Qf4+ 45. Qxf4 gxf4 46. b6 Nc5 47. b7 Nd7 48. Be4 f5 49. exf6 Kf7 50. h7 Kxf6 51. h8=Q+ Ke7 52. b8=Q Nxb8 53. Qxb8 Kf6 54. Qd6 1-0


[Site "https://www.chess.com"]

[Event "Titled Tuesday Blitz February 15 Late 2022"]
[White "Polanco Nunez, Yoel Estarling"]
[Black "Freitag, Manfred"]
[WhiteFideId "6401783"]
[BlackFideId "1602004"]
[WhiteElo "2132"]
[BlackElo "2275"]
[Result "0-1"]
[Round "02"]
[TimeControl "180+1"]
[Date "2022.02.16"]
[WhiteClock "0:00:38"]
[BlackClock "0:01:08"]

1. e4 c6 2. Nf3 d5 3. Nc3 Bg4 4. h3 Bxf3 5. Qxf3 e6 6. d3 Nd7 7. Bd2 Ngf6 8. g4 h6 9. Bg2 d4 10. Ne2 e5 11. Ng3 Qb6 12. O-O-O Bb4 13. Qe2 Bxd2+ 14. Qxd2 Qc7 15. Rdf1 Nc5 16. f4 exf4 17. Qxf4 Qxf4+ 18. Rxf4 Ne6 19. Rff1 Nd7 20. Nf5 Ne5 21. Rf2 Rd8 22. Rhf1 g6 23. Ng3 Ke7 24. Bf3 Ng5 25. Bg2 Ne6 26. Bf3 c5 27. Be2 b5 28. h4 c4 29. Kb1 c3 30. b3 a5 31. a3 Ra8 32. h5 b4 33. a4 Raf8 34. Rf6 Rhg8 35. hxg6 fxg6 36. Rxf8 Rxf8 37. Rxf8 Nxf8 38. Kc1 Kf6 39. Bd1 Kg5 0-1


[Site "https://www.chess.com"]

[Event "Titled Tuesday Blitz February 15 Late 2022"]
[White "Proudian, Armen"]
[Black "Foisor, Sabina-Francesca"]
[WhiteFideId "2130734"]
[BlackFideId "1212915"]
[WhiteElo "2380"]
[BlackElo "2243"]
[Result "0-1"]
[Round "02"]
[TimeControl "180+1"]
[Date "2022.02.16"]
[WhiteClock "0:00:46"]
[BlackClock "0:00:29"]

1. e4 c6 2. d4 g6 3. Nc3 d5 4. h3 Bg7 5. Nf3 Nf6 6. e5 Ne4 7. Bd3 Nxc3 8. bxc3 O-O 9. Bg5 c5 10. Qd2 Nc6 11. Bh6 c4 12. Bxg7 Kxg7 13. Be2 b5 14. a3 a5 15. h4 h5 16. Rb1 Rb8 17. Ng5 Bf5 18. f3 f6 19. g4 fxg5 20. gxf5 Rxf5 21. hxg5 e6 22. f4 Qf8 23. Rh4 Qxa3 24. Bf1 b4 25. Bh3 bxc3 26. Qd1 Rxb1 27. Qxb1 Qb2 28. Qd1 Rf8 29. Bxe6 Nb4 30. Rh2 Rxf4 31. Bd7 Nd3+ 32. Ke2 Rxd4 33. Ke3 Re4+ 34. Kf3 Nxe5+ 35. Kg3 Qb7 36. Be6 Qe7 37. Qxd5 Qxg5+ 38. Kf2 Ng4+ 39. Kf3 Qxd5 40. Bxd5 Re3+ 41. Kf4 g5+ 42. Kxg5 Nxh2 43. Bxc4 Re2 44. Bxe2 Ng4 45. Kxh5 Ne5 46. Kg5 a4 47. Kf5 a3 48. Kxe5 a2 49. Kd4 a1=Q 50. Bd3 Qb2 51. Ke4 Kf6 52. Kd4 Ke6 53. Kc4 Kd6 54. Kd4 Kc6 55. Kc4 Kb6 56. Kd4 Ka5 57. Kc4 Ka4 58. Be4 Ka3 59. Bd3 Qb4+ 60. Kd5 Kb2 61. Be4 Kc1 62. Bd3 Kd2 63. Bf5 Qb2 64. Bd3 Qxc2 65. Bxc2 Kxc2 66. Kc4 Kd2 0-1


[Site "https://www.chess.com"]

[Event "Titled Tuesday Blitz February 15 Late 2022"]
[White "Przybylski, Wojciech"]
[Black "Chabris, Christopher"]
[WhiteFideId "1117599"]
[BlackFideId "2005263"]
[WhiteElo "2133"]
[BlackElo "2299"]
[Result "0-1"]
[Round "02"]
[TimeControl "180+1"]
[Date "2022.02.16"]
[WhiteClock "0:00:04"]
[BlackClock "0:00:03"]

1. e4 c5 2. Nf3 d6 3. d4 cxd4 4. Nxd4 Nf6 5. Nc3 a6 6. Be3 e5 7. Nb3 Be7 8. Be2 Be6 9. Nd5 Nxd5 10. exd5 Bf5 11. c4 Nd7 12. Qd2 h6 13. Qb4 b6 14. O-O O-O 15. f4 a5 16. Qd2 exf4 17. Bxf4 Bh7 18. Nd4 Nc5 19. Nc6 Qc7 20. Rae1 Ne4 21. Qe3 Rfe8 22. Bd3 Bf6 23. Bxe4 Rxe4 24. Qg3 Bxb2 25. Bxd6 Qd7 26. Ne7+ Kh8 27. Rxe4 Bxe4 28. Rxf7 Qa4 29. h3 Qd1+ 30. Kh2 Bd4 31. Qf4 Bg1+ 32. Kg3 Qd3+ 33. Kg4 Qe2+ 34. Kh4 g5+ 35. Qxg5 hxg5+ 36. Kxg5 Be3+ 37. Kf6 Bd4+ 38. Ke6 Bg6+ 39. Kd7 Bxf7 40. Nf5 Qe8+ 41. Kc7 Qc8# 0-1


[Site "https://www.chess.com"]

[Event "Titled Tuesday Blitz February 15 Late 2022"]
[White "Qashashvili, Alexandre"]
[Black "Deac, Bogdan-Daniel"]
[WhiteFideId "13600842"]
[BlackFideId "1226380"]
[WhiteElo "2316"]
[BlackElo "2646"]
[Result "0-1"]
[Round "02"]
[TimeControl "180+1"]
[Date "2022.02.16"]
[WhiteClock "0:00:37"]
[BlackClock "0:00:26"]

1. e4 c5 2. Nc3 d6 3. Nf3 a6 4. d3 g6 5. Be3 Bg7 6. Qd2 Nc6 7. Be2 Nd4 8. Bd1 e6 9. a4 h6 10. h3 Ne7 11. O-O Nec6 12. Nh2 Rb8 13. Rb1 b5 14. axb5 axb5 15. Ne2 b4 16. f4 O-O 17. f5 exf5 18. Bxh6 fxe4 19. Bxg7 Kxg7 20. Nxd4 Nxd4 21. dxe4 Qe7 22. Bf3 Qe5 23. c3 bxc3 24. bxc3 Rxb1 25. Rxb1 Nc6 26. Rd1 Rd8 27. Qd5 Qxd5 28. exd5 Ne5 29. Be2 Bf5 30. Nf3 Nd7 31. Bd3 Bxd3 32. Rxd3 Nb6 33. Kf2 Ra8 34. Nd2 Ra4 35. Kf3 f5 36. g4 Kf6 37. gxf5 gxf5 38. Kg3 Kg6 39. Nf3 Re4 40. Nd2 Ra4 41. Nf3 Kh5 42. Nd2 Kg5 43. Nf3+ Kf6 44. Nd2 Nd7 45. Nf3 Re4 46. Nd2 Ra4 47. Nf3 Nf8 48. Re3 f4+ 0-1


[Site "https://www.chess.com"]

[Event "Titled Tuesday Blitz February 15 Late 2022"]
[White "Rangel, Daniel"]
[Black "Bellissimo, Joseph F."]
[WhiteFideId "2124475"]
[BlackFideId "2609843"]
[WhiteElo "2187"]
[BlackElo "2061"]
[Result "0-1"]
[Round "02"]
[TimeControl "180+1"]
[Date "2022.02.16"]
[WhiteClock "0:00:29"]
[BlackClock "0:01:38"]

1. Nf3 Nf6 2. d4 e6 3. c4 d5 4. Nc3 a6 5. cxd5 exd5 6. Bf4 c5 7. e3 Nc6 8. Be2 Bd6 9. Bxd6 Qxd6 10. dxc5 Qxc5 11. O-O O-O 12. Rc1 Qd6 13. Na4 Rd8 14. Nb6 Rb8 15. Nxc8 Rbxc8 16. Nd4 Ne5 17. Qb3 b5 18. h3 Ne4 19. Rfd1 Nc4 20. a4 Nc5 21. Qa2 Nxa4 22. b3 Nxe3 23. fxe3 Nc3 24. Qc2 Nxd1 25. Qd2 Nxe3 26. Qxe3 Rxc1+ 27. Qxc1 Qg3 28. Nf5 Qe5 29. Qg5 Re8 30. Bf3 g6 31. Nh6+ Kg7 32. Qh4 Qe3+ 33. Kh2 Qxh6 34. Qd4+ Kg8 35. Bxd5 Qg7 36. Qf4 Qe5 37. Bxf7+ Kg7 38. Qxe5+ Rxe5 0-1


[Site "https://www.chess.com"]

[Event "Titled Tuesday Blitz February 15 Late 2022"]
[White "Remizov, Yaroslav"]
[Black "Martinez Alcantara, Jose Eduardo"]
[WhiteFideId "34134015"]
[BlackFideId "3805662"]
[WhiteElo "2360"]
[BlackElo "2690"]
[Result "1-0"]
[Round "02"]
[TimeControl "180+1"]
[Date "2022.02.15"]
[WhiteClock "0:00:11"]
[BlackClock "0:00:05"]

1. e3 Nf6 2. a3 b6 3. c4 Bb7 4. Qc2 g6 5. Nf3 c5 6. Be2 Bg7 7. O-O O-O 8. b3 Nc6 9. Bb2 Rc8 10. Nc3 e6 11. Rad1 d5 12. cxd5 exd5 13. d4 cxd4 14. exd4 Na5 15. Ne5 Ne4 16. b4 Nc6 17. Nxc6 Bxc6 18. Qb3 Re8 19. Ba6 Nxc3 20. Bxc3 Rc7 21. Bd3 Qc8 22. Bb2 Qd7 23. b5 Bb7 24. a4 h5 25. h3 Qd6 26. Rc1 Rcc8 27. Rxc8 Bxc8 28. Qc3 Bd7 29. Re1 Rc8 30. Qd2 Be6 31. Kf1 Kh7 32. Kg1 Bh6 33. Qe2 Qb4 34. Ba1 Re8 35. Rb1 Qxa4 36. Qxh5 Qa3 37. Qd1 Bd7 38. Bb2 Qd6 39. Bc1 Bxc1 40. Rxc1 Qf4 41. Bf1 Kg7 42. Rc3 Re4 43. Rf3 Rxd4 44. Qa1 Qe5 45. Qxa7 Qd6 46. Qa1 Qe5 47. Re3 Qf6 48. Rf3 Rf4 49. Qxf6+ Rxf6 50. Rc3 Rd6 51. Bd3 Kf6 52. f4 g5 53. fxg5+ Kxg5 54. Kf2 Kf4 55. Rc7 Ke5 56. Ke3 d4+ 57. Kd2 f5 58. h4 f4 59. h5 Bg4 60. Rg7 Bc8 61. Rg5+ Kf6 62. Rg6+ Ke7 63. Rxd6 Kxd6 64. h6 Bf5 65. Bxf5 f3 66. gxf3 1-0


[Site "https://www.chess.com"]

[Event "Titled Tuesday Blitz February 15 Late 2022"]
[White "Remolar Gallen, Jose"]
[Black "Balint, Vilmos"]
[WhiteFideId "2215187"]
[BlackFideId "718050"]
[WhiteElo "2205"]
[BlackElo "2059"]
[Result "0-1"]
[Round "02"]
[TimeControl "180+1"]
[Date "2022.02.16"]
[WhiteClock "0:00:01"]
[BlackClock "0:00:13"]

1. d4 f5 2. Nf3 Nf6 3. c4 g6 4. Nc3 Bg7 5. g3 O-O 6. Bg2 d6 7. O-O Nc6 8. Rb1 e5 9. d5 Nb8 10. b4 a5 11. b5 b6 12. Ng5 Ra7 13. e4 h6 14. Ne6 Bxe6 15. dxe6 f4 16. Nd5 Qe8 17. Bh3 Nxe4 18. e7 Rf6 19. Qc2 Ng5 20. Bg2 Ne6 21. Be4 Nd4 22. Qd3 g5 23. Bb2 Ne6 24. Bh7+ Kh8 25. Nxf6 Bxf6 26. Qf5 Qxe7 27. Rbd1 Nd7 28. Rfe1 Ndc5 29. h4 fxg3 30. fxg3 gxh4 31. Rf1 Bg5 32. gxh4 Be3+ 33. Kh1 Qxh4+ 34. Kg2 Qg5+ 35. Qxg5 Nxg5 36. Bc2 Ra8 37. Rf6 Nge4 38. Rf3 Bg5 39. Rdf1 Ne6 40. Bxe4 Nf4+ 41. Kf2 Rg8 42. Bc1 Rf8 43. Bd5 Kh7 0-1


[Site "https://www.chess.com"]

[Event "Titled Tuesday Blitz February 15 Late 2022"]
[White "Ribeiro, Matheus Mendes Domingues"]
[Black "Corrales Jimenez, Fidel"]
[WhiteFideId "324226923"]
[BlackFideId "3506690"]
[WhiteElo "1886"]
[BlackElo "2541"]
[Result "0-1"]
[Round "02"]
[TimeControl "180+1"]
[Date "2022.02.16"]
[WhiteClock "0:00:07"]
[BlackClock "0:00:19"]

1. c4 e5 2. Nc3 Nc6 3. Nf3 Nf6 4. e4 Bb4 5. d3 O-O 6. a3 Bxc3+ 7. bxc3 d6 8. g3 h6 9. Bg2 Be6 10. O-O Qd7 11. Qe2 Bh3 12. d4 exd4 13. cxd4 Rfe8 14. e5 Bxg2 15. Kxg2 Qf5 16. Bf4 g5 17. Qb2 gxf4 18. exf6 b6 19. Qb5 Qxb5 20. cxb5 Nd8 21. Rac1 Ne6 22. Kh1 Kh7 23. Nh4 Rac8 24. Nf5 Rcd8 25. Rc6 Kg6 26. g4 Kxf6 27. d5 Ng7 28. Nxh6 Rh8 29. h4 Kg6 30. g5 Nf5 31. Rxc7 f3 32. Nxf5 Kxf5 33. Kh2 Rxh4+ 34. Kg3 Rdh8 35. Rxf7+ Kg6 36. Rf6+ Kxg5 37. Rxf3 Rh3+ 38. Kg2 Rh2+ 39. Kg1 Rh1+ 40. Kg2 R1h2+ 41. Kg3 R8h3# 0-1


[Site "https://www.chess.com"]

[Event "Titled Tuesday Blitz February 15 Late 2022"]
[White "Romero Ruscalleda, Josep"]
[Black "Garriga Cazorla, Pere"]
[WhiteFideId "2231859"]
[BlackFideId "32011601"]
[WhiteElo "2405"]
[BlackElo "2458"]
[Result "1-0"]
[Round "02"]
[TimeControl "180+1"]
[Date "2022.02.16"]
[WhiteClock "0:01:28"]
[BlackClock "0:01:27"]

1. e4 c5 2. c3 g6 3. d4 cxd4 4. cxd4 d5 5. Nc3 dxe4 6. Bc4 Bg7 7. Qb3 e6 8. d5 exd5 9. Bxd5 Qe7 10. Nge2 Nf6 11. O-O O-O 12. Bg5 Nc6 13. Nxe4 Bf5 14. N2g3 Nd4 15. Nxf5 gxf5 16. Nxf6+ Bxf6 17. Bxf6 Qxf6 18. Qxb7 Rad8 19. Rfd1 Rd6 20. Rd3 Kh8 21. Rad1 Rfd8 22. Rxd4 1-0


[Site "https://www.chess.com"]

[Event "Titled Tuesday Blitz February 15 Late 2022"]
[White "Rorrer, Grayson"]
[Black "Xiong, Jeffery"]
[WhiteFideId "30944996"]
[BlackFideId "2047640"]
[WhiteElo "2122"]
[BlackElo "2727"]
[Result "0-1"]
[Round "02"]
[TimeControl "180+1"]
[Date "2022.02.15"]
[WhiteClock "0:00:02"]
[BlackClock "0:01:10"]

1. e4 c5 2. Nf3 d6 3. d4 cxd4 4. Nxd4 Nf6 5. Nc3 a6 6. f3 e5 7. Nb3 Be6 8. Be3 Nbd7 9. Qd2 b5 10. O-O-O Nb6 11. Qf2 Nfd7 12. f4 Be7 13. f5 Bc4 14. Na5 Rc8 15. Nxc4 Nxc4 16. Nd5 Nxe3 17. Nxe3 Qb6 18. h4 d5 19. Qf3 dxe4 20. Qxe4 Nf6 21. Qf3 e4 22. Qe2 O-O 23. g4 Rfd8 24. g5 Nh5 25. Rg1 Nf4 26. Qf2 Bc5 0-1


[Site "https://www.chess.com"]

[Event "Titled Tuesday Blitz February 15 Late 2022"]
[White "Ruiz Aguilar, Pablo Alexander"]
[Black "Levine, David"]
[WhiteFideId "4401352"]
[BlackFideId "2011611"]
[WhiteElo "2125"]
[BlackElo "2147"]
[Result "0-1"]
[Round "02"]
[TimeControl "180+1"]
[Date "2022.02.16"]
[WhiteClock "0:00:11"]
[BlackClock "0:00:05"]

1. e4 e5 2. Nf3 Nc6 3. Bb5 a6 4. Ba4 Nf6 5. d3 d6 6. O-O Bd7 7. c3 g6 8. Re1 Bg7 9. Nbd2 O-O 10. Nf1 Qe8 11. Bc2 Nh5 12. Ne3 Nf4 13. Nd5 Nxd5 14. exd5 Ne7 15. d4 exd4 16. Nxd4 Qd8 17. Bg5 f6 18. Bd2 Nxd5 19. Bb3 c6 20. Bf4 Re8 21. Rxe8+ Bxe8 22. Bxd6 Qxd6 23. c4 Bf7 24. cxd5 Bxd5 25. Nf3 Rd8 26. Bxd5+ Qxd5 27. Qxd5+ Rxd5 28. Rb1 f5 29. Kf1 Kf7 30. Ke2 Bf6 31. b4 Ke6 32. a4 Kd6 33. h3 a5 34. bxa5 Kc7 35. Rb4 Rxa5 36. g4 Rd5 37. h4 fxg4 38. Rxg4 Kb6 39. Rb4+ Ka6 40. Rf4 Rf5 41. Rg4 b5 42. axb5+ cxb5 43. Nd4 Bxd4 44. Rxd4 Ka5 45. Rd7 Rh5 46. Rd4 b4 47. Kd3 Ka4 48. Kc2 Rf5 49. Rd2 Rf4 50. h5 gxh5 51. Rd7 Rxf2+ 52. Kd3 Kb3 53. Rxh7 Rh2 54. Rh8 Kb2 55. Kc4 b3 56. Rf8 Rh4+ 57. Kd3 Kb1 58. Rf1+ Ka2 59. Rf8 b2 60. Ra8+ Kb1 61. Kd2 Rd4+ 62. Kc3 Rg4 63. Kd2 h4 64. Rf8 Ra4 65. Rb8 Ka2 66. Kc2 Rc4+ 67. Kd3 Rc7 68. Ke2 b1=Q 69. Rxb1 Kxb1 70. Kf3 Kc2 71. Kg4 Rc4+ 72. Kh3 Kd2 73. Kh2 Ke2 74. Kg2 Rc3 75. Kh2 Kf3 76. Kh3 Kf4+ 77. Kxh4 Rc1 78. Kh5 Rg1 79. Kh6 Kf5 80. Kh7 Kf6 81. Kh8 Kf7 82. Kh7 Rh1# 0-1


[Site "https://www.chess.com"]

[Event "Titled Tuesday Blitz February 15 Late 2022"]
[White "Sadhwani, Raunak"]
[Black "Aradhya, Garg"]
[WhiteFideId "35093487"]
[BlackFideId "25006746"]
[WhiteElo "2616"]
[BlackElo "2169"]
[Result "1-0"]
[Round "02"]
[TimeControl "180+1"]
[Date "2022.02.15"]
[WhiteClock "0:00:14"]
[BlackClock "0:00:08"]

1. d4 d5 2. Nf3 Nf6 3. Bf4 c5 4. e3 Nc6 5. Nbd2 Nh5 6. Be5 e6 7. Bb5 Bd7 8. Bxc6 Bxc6 9. h3 Nf6 10. O-O Be7 11. c3 O-O 12. a4 Rc8 13. Bh2 a5 14. Ne5 Be8 15. Qb3 c4 16. Qc2 b5 17. axb5 Bxb5 18. e4 a4 19. exd5 exd5 20. Rfe1 Bd6 21. Re3 Re8 22. Rae1 Qc7 23. Nb1 g6 24. Na3 Bc6 25. Kh1 Kg7 26. f3 Rb8 27. g4 Rb3 28. Qf2 Nd7 29. R1e2 Nxe5 30. Bxe5+ Bxe5 31. Rxe5 Rxe5 32. Rxe5 Qb6 33. Re2 Bd7 34. Kg2 Be6 35. Rd2 Qd6 36. Qg3 Qxg3+ 37. Kxg3 Kf6 38. h4 h6 39. Kf2 g5 40. h5 Ke7 41. Re2 Kd6 42. Kg3 Rb8 43. Nb1 Rb3 44. f4 f6 45. fxg5 fxg5 46. Rc2 Rb8 47. Nd2 Ra8 48. Nf3 a3 49. bxa3 Rxa3 50. Ne5 Ke7 51. Kf3 Bd7 52. Ke3 Ba4 53. Rc1 Ra2 54. Rf1 Be8 55. Rb1 Rc2 56. Rb6 Rxc3+ 57. Kd2 Rg3 58. Rb7+ Kd6 59. Rb6+ Kc7 60. Ra6 c3+ 61. Kc2 Bb5 62. Ra5 Kb6 63. Ra8 Bc6 64. Ra3 Bb5 65. Rxc3 Rg2+ 66. Kb3 Rg1 67. Rc8 Rb1+ 68. Kc2 Rg1 69. Rh8 Rg2+ 70. Kc3 Rg3+ 71. Kb4 Bc4 72. Rxh6+ Kc7 73. Kc5 Ba6 74. Rxa6 Kb7 75. Rg6 Kc7 76. Kxd5 Kb7 77. Rxg5 Kc7 78. Rg6 Kb7 79. h6 Rh3 80. g5 Kc7 81. Rg7+ Kb6 82. h7 Kb5 83. g6 Kb4 84. Rg8 Kc3 85. h8=Q Rxh8 86. Rxh8 Kd2 87. g7 Ke3 88. g8=Q Kd2 89. Qg3 Kc2 90. Rh2+ Kd1 91. Qg1# 1-0


[Site "https://www.chess.com"]

[Event "Titled Tuesday Blitz February 15 Late 2022"]
[White "Samarth, J Rao"]
[Black "Chernomordik, Pavel"]
[WhiteFideId "46652370"]
[BlackFideId "2804530"]
[WhiteElo "1514"]
[BlackElo "2249"]
[Result "0-1"]
[Round "02"]
[TimeControl "180+1"]
[Date "2022.02.16"]
[WhiteClock "0:00:00"]
[BlackClock "0:00:10"]

1. c4 g6 2. d4 Bg7 3. Nf3 d6 4. e4 Nc6 5. d5 Ne5 6. Nxe5 Bxe5 7. f4 Bg7 8. Be2 e6 9. O-O Ne7 10. Nc3 O-O 11. Bd3 c6 12. dxe6 fxe6 13. Qe2 c5 14. Be3 Nc6 15. Rad1 Nd4 16. Qe1 Bd7 17. Bb1 Qb6 18. b3 Qb4 19. Ne2 Qxe1 20. Rfxe1 e5 21. fxe5 dxe5 22. Nc3 Bc6 23. Nd5 Rf7 24. Bd3 Raf8 25. Rf1 h6 26. g3 Bd7 27. Kg2 Bg4 28. Rxf7 Rxf7 29. Rf1 Bf3+ 30. Kg1 b6 31. Rf2 g5 32. h3 Kf8 33. Kh2 Ke8 34. g4 Kd7 35. Kg3 h5 36. Bxd4 h4+ 37. Kh2 exd4 38. Be2 Be5+ 39. Kg1 Bxe2 40. Rxf7+ Ke6 41. Rxa7 d3 42. Kf2 Bd4+ 43. Ke1 Bf3 44. Kd2 Bg2 45. Kxd3 Bxh3 46. Rb7 Bxg4 47. Rxb6+ Ke5 48. Rb7 Bf3 49. Re7+ Kd6 0-1


[Site "https://www.chess.com"]

[Event "Titled Tuesday Blitz February 15 Late 2022"]
[White "Sarkar, Justin"]
[Black "Urbina Perez, Juan Antonio"]
[WhiteFideId "2010011"]
[BlackFideId "2217368"]
[WhiteElo "2038"]
[BlackElo "2192"]
[Result "1-0"]
[Round "02"]
[TimeControl "180+1"]
[Date "2022.02.16"]
[WhiteClock "0:00:05"]
[BlackClock "0:00:30"]

1. e4 c5 2. Nf3 d6 3. d4 cxd4 4. Nxd4 Nf6 5. Nc3 a6 6. Be3 e5 7. Nde2 Be7 8. Ng3 O-O 9. Be2 Be6 10. O-O d5 11. exd5 Nxd5 12. Nxd5 Qxd5 13. Nf5 Bf6 14. Qxd5 Bxd5 15. Rad1 Bc6 16. Bc5 Re8 17. Nd6 Rd8 18. Bc4 Rd7 19. f4 exf4 20. Rxf4 h6 21. Re1 Rc7 22. Ne8 Rc8 23. Nxf6+ gxf6 24. Rxf6 Be8 25. Bd4 Nc6 26. Rxe8+ Rxe8 27. Bxf7+ Kh7 28. Bxe8 Nxd4 29. Ba4 b5 30. Bb3 Ne2+ 31. Kf2 Nd4 32. Rd6 Nf5 33. Rd7+ Kg6 34. c3 Kf6 35. Bc2 Ne7 36. Rd6+ Ke5 37. Rxh6 Rf8+ 38. Ke2 Nd5 39. Rh5+ Kd6 40. g3 Re8+ 41. Kd2 Ne3 42. Rh6+ Kc7 43. Bd3 Nd5 44. Rh7+ Kb6 45. h4 Nf6 46. Rh6 Re6 47. Rh8 Nd5 48. h5 b4 49. h6 bxc3+ 50. bxc3 Nf6 51. h7 Ka5 52. g4 Re7 53. g5 Nxh7 54. Rxh7 Re5 55. g6 Rg5 56. g7 Rg2+ 57. Ke3 Rg3+ 58. Kd4 Rg1 59. Be4 Rg4 60. Ke5 Ka4 61. Bd5 a5 62. g8=Q Rxg8 63. Bxg8 Ka3 64. Ra7 a4 65. Bb3 Kb2 66. Rxa4 Ka1 67. c4 Kb2 68. c5 Kb1 69. c6 Kb2 70. c7 1-0


[Site "https://www.chess.com"]

[Event "Titled Tuesday Blitz February 15 Late 2022"]
[White "Savchenko, Boris"]
[Black "Lopez Gracia, Fernando"]
[WhiteFideId "4147332"]
[BlackFideId "2207184"]
[WhiteElo "2512"]
[BlackElo "2417"]
[Result "0-1"]
[Round "02"]
[TimeControl "180+1"]
[Date "2022.02.16"]
[WhiteClock "0:01:15"]
[BlackClock "0:01:01"]

1. e3 c5 2. d4 e6 3. Nf3 Nf6 4. Bd3 b6 5. c4 Bb7 6. O-O Be7 7. Nc3 O-O 8. d5 exd5 9. cxd5 Nxd5 10. Nxd5 Bxd5 11. Bxh7+ Kxh7 12. Qxd5 Nc6 13. Rd1 Qc7 14. Qf5+ g6 15. Rxd7 Rad8 16. Rxd8 gxf5 17. Rd2 Rd8 18. Rb1 Bf6 19. g3 Ne5 20. Nxe5 Bxe5 21. b3 b5 22. f4 Bc3 23. Rc2 b4 24. Bb2 Qd6 25. Bxc3 Qd3 26. Rbc1 Qxe3+ 27. Kf1 bxc3 28. Rxc3 Qe4 29. R1c2 Rd1+ 30. Kf2 Qe1+ 31. Kf3 Qh1+ 32. Ke3 Re1+ 33. Kd2 Rd1+ 34. Ke3 Qg1+ 35. Kf3 Rf1+ 36. Ke2 Qf2+ 37. Kd3 Qd4+ 38. Ke2 Qd1+ 39. Ke3 Rf3# 0-1


[Site "https://www.chess.com"]